 Dungeon Crawl Stone Soup version 0.29-a0-410-g9596d59a08 (webtiles) character file.

Game seed: 4654105327232063874

5560 KhasaRR the Cleaver (level 10, -5/91 HPs)
             Began as a Hill Orc Fighter on May 14, 2022.
             Was an Initiate of Yredelemnul.
             Slain by a yak (12 damage)
             ... on level 8 of the Dungeon.
             The game lasted 00:40:29 (8402 turns).

KhasaRR the Cleaver (Hill Orc Fighter)              Turns: 8402, Time: 00:40:31

Health: -5/91      AC: 18    Str: 22    XL:     10   Next: 71%
Magic:  15/15      EV:  6    Int:  8    God:    Yredelemnul [......]
Gold:   360        SH:  5    Dex: 12    Spells: 9/9 levels left

rFire   . . .      SeeInvis .   a - +1 war axe
rCold   . . .      Faith    .   c - +0 buckler
rNeg    . . .      Spirit   .   h - +0 plate armour
rPois   .          Reflect  .   (no helmet)
rElec   .          Harm     .   v - scarf {repulsion}
rCorr   +          Rampage  .   (no gloves)
Will    .....                   E - +0 pair of boots
Stlth   ..........              (no amulet)
HPRegen 0.25/turn               F - ring of resist corrosion
MPRegen 0.14/turn               y - +4 ring of protection

@: repel missiles
A: no striking features
a: Renounce Religion, Convert to Beogh, Recall Undead Harvest


You were on level 8 of the Dungeon.
You worshipped Yredelemnul.
Yredelemnul was noncommittal.
You visited 2 branches of the dungeon, and saw 9 of its levels.
You also visited: Sewer.

You collected 360 gold pieces.

Inventory:

Hand Weapons
 a - a +1 war axe (weapon)
Missiles
 j - a throwing net
 k - 307 stones (quivered)
Armour
 b - a +0 scale mail
 c - a +0 buckler (worn)
 h - a +0 plate armour (worn)
 r - a +0 chain mail
 v - a scarf of repulsion (worn)
 E - a +0 pair of boots (worn)
Magical Staves
 z - a staff of fire
Jewellery
 e - a ring of fire
 m - a ring of fire
 y - a +4 ring of protection (right hand)
 F - a ring of resist corrosion (left hand)
Wands
 q - a wand of paralysis (7)
 x - a wand of iceblast (6)
 I - a wand of digging (5)
Scrolls
 d - a scroll of brand weapon {unknown}
 f - 3 scrolls of noise
 n - a scroll of enchant weapon
 o - 7 scrolls of teleportation
 s - 5 scrolls of immolation
 t - a scroll of vulnerability
 u - a scroll of enchant armour {unknown}
 w - a scroll of poison {unknown}
 B - 2 scrolls of fog
 C - a scroll of amnesia
 D - a scroll of fear {unknown}
 G - a scroll of blinking {unknown}
Potions
 g - a potion of heal wounds
 i - a potion of cancellation
 l - 4 potions of flight
 p - 2 potions of brilliance
 A - a potion of berserk rage
 H - a potion of degeneration {unknown}


   Skills:
 * Level 9.0 Fighting
 + Level 11.8 Axes
 - Level 1.7 Throwing
 + Level 7.8 Armour
 - Level 0.2 Dodging
 * Level 7.4 Shields
 * Level 7.4 Invocations
 - Level 1.1 Evocations


You had 9 spell levels left.
You didn't know any spells.
Your spell library contained the following spells:

 Spells                   Type           Power      Damage    Failure   Level
 Summon Small Mammal      Summ           0%         N/A       100%        1
 Ensorcelled Hibernation  Hex/Ice        0%         N/A       100%        2
 Static Discharge         Conj/Air       0%         N/A       100%        2
 Call Canine Familiar     Summ           0%         N/A       100%        3
 Frozen Ramparts          Ice            0%         1d2       100%        3
 Spider Form              Tmut/Pois      0%         N/A       100%        3
 Summon Guardian Golem    Hex/Summ       0%         N/A       100%        3
 Anguish                  Hex/Necr       0%         N/A       100%        4
 Ice Form                 Ice/Tmut       0%         N/A       100%        4
 Summon Ice Beast         Ice/Summ       0%         N/A       100%        4
 Lightning Bolt           Conj/Air       0%         1d11      100%        5
 Maxwell's Capacitive Co  Air            0%         ∞         100%        8


Dungeon Overview and Level Annotations

Branches:
Dungeon (8/15)             Temple (1/1) D:4           Sewer (visited)
   Lair: D:8-11

Altars:
Ashenzari
Cheibriados
Dithmenos
Elyvilon
Fedhas
Hepliaklqana
Kikubaaqudgha
Makhleb
Nemelex Xobeh
Okawaru
Qazlal
Ru
Sif Muna
Trog
Uskayaw
Vehumet
Wu Jian
Xom
Yredelemnul
Zin
The Shining One


Message History

The yak bellows!
A yak comes into view.
You slash the yak!
The yak is severely wounded.
You slash the yak!
You are engulfed in a cloud of scalding steam.
The orc priest threatens, "By the altar or by the axe, you will meet Beogh!"
The orc priest shouts, "Join the one true god or die!"
The orc priest miscasts a cantrip.
The yak is engulfed in a cloud of scalding steam.
The yak gores you!
The orc warrior is engulfed in a cloud of scalding steam.
The yak is engulfed in a cloud of scalding steam.
The yak gores you!
* * * LOW HITPOINT WARNING * * *
Your orc zombie appears confused.
The yak moves out of view.
An orc wizard comes into view. It is wielding a +0 dagger.
You are too injured to fight recklessly!
You slash the yak!
You kill the yak!
You barely miss the yak.
You are engulfed in a cloud of scalding steam.
The orc wizard casts a spell at you. The puff of flame hits you.
* * * LOW HITPOINT WARNING * * *
The yak gores you but does no damage.
Your orc zombie is engulfed in a cloud of scalding steam.
Your orc zombie is destroyed!
Your life force feels restored.
The yak gores you.
* * * LOW HITPOINT WARNING * * *
There is a stone staircase leading up, spattered with blood here.
You block the yak's attack. The steam dragon breathes steam at you.
The ball of steam hits you!
* * * LOW HITPOINT WARNING * * *
The yak gores you!
You die...
Your body rises from the dead as a mindless zombie.

. .. .
...##########...
....YY..§.....#
......YY@.##
..$...)YDo.#
##......o..#
#.........#
.z........)#
.............
...........#.#
##...........#
#............


You could see 5 yaks, a steam dragon (catching breath), an orc warrior, a wight
(wandering) and an orc priest.

Vanquished Creatures
  A two-headed ogre (D:7)
  A wyvern (D:7)
  A yak (D:8)
  4 vampire mosquitoes
  2 steam dragons
  Duvessa (D:7)
  5 ice beasts
  An orc warrior (D:6)
  A black bear (D:5)
  A sky beast (D:7)
  An ogre (D:7)
  A centaur (D:7)
  2 phantoms
  A bullfrog (D:7)
  2 gnoll sergeants
  4 scorpions
  6 wights
  Dowan (D:7)
  A howler monkey (D:6)
  3 orc priests
  3 hounds
  5 jellies
  A gnoll shaman (D:5)
  Jessica (D:3)
  5 orc wizards
  2 iguanas
  3 gnolls (D:5)
  8 adders
  A shadow imp (D:6)
  2 white imps
  A worm (D:5)
  2 dart slugs (D:1)
  14 orcs
  7 endoplasms
  4 giant cockroaches
  8 goblins
  4 hobgoblins
  7 jackals
  10 kobolds
  9 quokkas
  11 ball pythons
  5 bats
  2 frilled lizards (D:1)
  5 rats
160 creatures vanquished.

Vanquished Creatures (collateral kills)
  A wyvern (D:6)
  A vampire mosquito (D:6)
  2 water moccasins
  An orc warrior (D:7)
  A sky beast (D:7)
  A black bear (D:7)
  2 bullfrogs
  A scorpion (D:5)
  A wight (D:7)
  2 howler monkeys (D:7)
  A hound (D:5)
  An iguana (D:5)
  An orc wizard (D:6)
  A gnoll (D:5)
  An adder (D:5)
  A white imp (D:7)
  A worm (Sewer)
  6 orcs
  A quokka (D:5)
  A ball python (Sewer)
  2 kobolds (Sewer)
30 creatures vanquished.

Vanquished Creatures (others)
  2 vampire mosquito zombies
  A water moccasin zombie (D:7)
  A wight (D:8)
  2 spectral ice beasts (D:7)
  A bullfrog zombie (D:7)
  A centaur zombie (D:7)
  2 scorpion zombies
  A sky beast zombie (D:7)
  An ogre zombie (D:7)
  2 hound zombies (D:5)
  2 spectral jellies (D:5)
  An elf zombie (D:7)
  A spectral white imp (D:6)
  A worm zombie (D:5)
  2 adder zombies (Sewer)
  An orc (D:8)
  A kobold zombie (Sewer)
  5 orc zombies
  7 plants (D:3)
  10 withered plants (D:3)
45 creatures vanquished.

Grand Total: 235 creatures vanquished

Notes
Turn   | Place    | Note
-------+----------+-------------------------------------------
     0 | D:1      | KhasaRR the Hill Orc Fighter began the quest for the Orb.
     0 | D:1      | Reached XP level 1. HP: 19/19 MP: 1/1
    96 | D:1      | Reached XP level 2. HP: 18/27 MP: 2/2
   338 | D:1      | Reached skill level 3 in Axes
   599 | D:1      | Reached XP level 3. HP: 33/33 MP: 3/3
  1621 | D:2      | Reached XP level 4. HP: 40/40 MP: 4/4
  1629 | D:2      | Reached skill level 4 in Axes
  2304 | D:3      | Noticed Jessica
  2309 | D:3      | Killed Jessica
  2358 | D:3      | Found a faded altar of an unknown god.
  2493 | D:3      | Reached XP level 5. HP: 41/46 MP: 5/5
  2505 | D:3      | Reached skill level 1 in Throwing
  2528 | D:3      | Reached skill level 5 in Axes
  2920 | D:4      | Reached XP level 6. HP: 53/53 MP: 6/6
  3044 | D:4      | Found a staircase to the Ecumenical Temple.
  3054 | Temple   | Entered the Ecumenical Temple
  3131 | Temple   | Became a worshipper of Yredelemnul the Dark
  3350 | D:4      | Reached skill level 1 in Invocations
  3759 | D:5      | Entered Level 5 of the Dungeon
  3769 | D:5      | Reached skill level 6 in Axes
  3820 | D:5      | Reached * piety under Yredelemnul
  3822 | D:5      | Reached XP level 7. HP: 56/60 MP: 6/8
  3855 | D:5      | Reached skill level 5 in Fighting
  4098 | D:5      | Found a glowing drain.
  4117 | D:5      | Reached ** piety under Yredelemnul
  4120 | Sewer    | Entered a sewer
  4271 | Sewer    | Reached skill level 7 in Axes
  4579 | D:5      | Reached skill level 5 in Armour
  4579 | D:5      | Reached XP level 8. HP: 48/69 MP: 10/10
  4602 | D:5      | Reached skill level 5 in Shields
  4688 | D:5      | Found a hazy altar of Hepliaklqana.
  4740 | D:5      | Reached skill level 8 in Axes
  5035 | D:5      | Reached skill level 1 in Evocations
  5445 | D:6      | Reached skill level 9 in Axes
  5653 | D:6      | Reached XP level 9. HP: 53/78 MP: 12/12
  5704 | D:6      | Reached skill level 5 in Invocations
  6039 | D:6      | Reached skill level 10 in Axes
  6676 | D:7      | Noticed Duvessa
  6677 | D:7      | Noticed Dowan
  6687 | D:7      | Killed Duvessa
  6691 | D:7      | Killed Dowan
  6828 | D:7      | Noticed a two-headed ogre
  6836 | D:7      | HP: 4/81 [two-headed ogre/+0 dire flail (6)]
  6844 | D:7      | Your ally Duvessa died
  6848 | D:7      | Killed a two-headed ogre
  6849 | D:7      | Reached skill level 11 in Axes
  6849 | D:7      | Reached XP level 10. HP: 27/89 MP: 14/14
  8402 | D:8      | Slain by a yak

Illustrated notes

Levels and vault maps discovered:
D:1:      sevenhm_arrival_forest_fort_large_2, layout_loops_ring,
          minmay_misc_feat_rugged
D:2:      layout_loops_cross
D:3:      layout_loops_cross, shapermc_ecumenical_altar_flowoftime, uniq_jessica
D:4:      layout_basic, minmay_temple_entry_poolview, kennysheep_generic_room_16
D:5:      layout_rooms, gup_sewer_entry_pipe,
          eino_small_chamber_without_monster, minmay_ruined_shrine
D:6:      layout_basic
D:7:      layout_basic, minivault_24, minmay_joined_circles, uniq_duvessa
D:8:      layout_rooms, nicolae_gozag_zags_fifth_avenue
Temple:   compressed_dpeg_circular_temple

Skill      XL: |  1  2  3  4  5  6  7  8  9 10 |
---------------+-------------------------------+-----
Axes           | 3 4 5 6 7 9 11 | 11.8
Fighting       | 4 5 6 8 9 |  9.0
Armour         | 4 5 7 |  7.8
Throwing       | 1 |  1.7
Shields        | 4 5 6 7 |  7.4
Invocations    | 1 3 4 6 7 |  7.4
Evocations     | 1 |  1.1
Dodging        | |  0.2

Action                   |  1- 3 |  4- 6 |  7- 9 | 10-12 || total
-------------------------+-------+-------+-------+-------++-------
Melee: War axe           |    76 |   125 |   293 |    77 ||   571
Throw: Stone             |    27 |    44 |     2 |       ||    73
Invok: Recall Undead Har |       |     2 |       |     1 ||     3
       Dark Bargain      |       |       |       |     1 ||     1
Evoke: Wand              |       |     1 |     4 |     1 ||     6
  Use: Scroll            |       |     6 |     9 |       ||    15
       Potion            |       |     4 |     8 |     3 ||    15
 Stab: Distracted        |       |       |     1 |       ||     1
       Invisible         |       |       |       |     1 ||     1
Armor: Scale mail        |    29 |     4 |       |       ||    33
       Chain mail        |       |    71 |   164 |       ||   235
       Plate armour      |       |       |    39 |    41 ||    80
Dodge: Dodged            |    37 |    28 |   103 |    25 ||   193
       Repelled          |       |       |     2 |       ||     2
Block: Buckler           |    13 |    23 |    80 |    23 ||   139

Table legend: (Time is in decaauts)
 A = Elapsed time spent in this place.
 B = Non-inter-level travel time spent in this place.
 C = Inter-level travel time spent in this place.
 D = Time resting spent in this place.
 E = Time spent auto-exploring this place.
 F = Levels seen in this place.
 G = Mean time per level.
                   A        B        C        D        E       F      G
               +--------+--------+--------+--------+--------+-----+--------+
         Total |   8610 |   8310 |    300 |   1355 |   5124 |  10 |  861.0 |
       Dungeon |   8011 |   7738 |    273 |   1355 |   4998 |   8 | 1001.4 |
        Temple |     85 |     58 |     27 |      0 |      0 |   1 |   85.0 |
         Sewer |    512 |    512 |      0 |      0 |    125 |   1 |  512.0 |
               +--------+--------+--------+--------+--------+-----+--------+

Top non-repeatable levels by time:
     D:7: 2091 daAuts
     D:5: 1287 daAuts
     D:1: 1248 daAuts
     D:3: 1078 daAuts
     D:6: 876 daAuts
     D:4: 766 daAuts
     D:2: 646 daAuts
   Sewer: 512 daAuts
  Temple: 85 daAuts
     D:8: 15 daAuts
